AoeStats
← Vanvanbman

Nomad

510262785Analyzed
2v2 RM · 2d ago on Sep 30, 2026· 31m 27s· 4 players
Game mode
Random Map
Map size
176×176
Population
200
Speed
Normal
Resources
Standard
Victory
Conquest
Starting age
Dark Age
Ending age
Imperial Age
RankedLock teamsTeams togetherTeam positionsShared explorationLock speedFull tech treeHidden civsTurbo modeCheats
Victory
Defeat
🇨🇦 Varangians · Canada
1086
+14
🇨🇦 Italians · Canada
1034
+17
🇦🇺 Vikings · Australia
1064
-16
🇳🇿 Chinese · New Zealand
1035
-15
shephajona
2:54 Loom
14:08 Feudal Age
14:47 Town Watch
15:56 Wheelbarrow
20:31 Castle Age
19:27 Forging
19:04 Fishing Lines
20:29 Scale Barding Armor
22:04 Hand Cart
25:25 Double-Bit Axe
29:11 Gold Mining
29:13 Fletching
29:42 Bow Saw
29:25 Gillnets
30:18 Bloodlines
30:50 Horse Collar
Vanvanbman
3:46 Loom
13:43 Feudal Age
14:19 Double-Bit Axe
25:21 Castle Age
25:40 Fletching
25:58 Padded Archer Armor
25:33 Crossbowman
27:26 Elite Skirmisher
28:05 Horse Collar
28:38 Bow Saw
29:58 Bodkin Arrow
BigOleGiraffe
3:55 Loom
5:41 Loom
14:31 Feudal Age
15:34 Man-at-Arms
16:00 Arson
17:42 Fletching
23:11 Town Watch
24:52 Fishing Lines
24:58 Horse Collar
25:05 Double-Bit Axe
29:27 Padded Archer Armor
31:34 Castle Age
29:45 Scale Mail Armor
29:55 Forging
vince.dion123
3:42 Loom
14:06 Feudal Age
18:17 Castle Age
19:04 Forging
21:19 Double-Bit Axe
22:34 Medium Warships
22:06 Fishing Lines
22:42 Fletching
24:15 Thumb Ring
24:11 Padded Archer Armor
27:10 Gillnets
29:05 Wheelbarrow
28:15 Town Watch
Connection lost

Rejoining the realm…

Still unreachable

The connection could not be restored.

Session expired

The server has moved on; the page needs a fresh start.